 Dungeon Crawl Stone Soup version 0.27-a0-46-g34d46f0a3f (webtiles) character file.

Game seed: 1860478843944659120

2662 Borgoz the Slicer (level 9, 0/62 HPs)
             Began as a Halfling Gladiator on Jan 7, 2021.
             Was an Initiate of Ashenzari.
             Killed from afar by a steam dragon (16 damage)
             ... with a ball of steam
             ... on level 7 of the Dungeon.
             The game lasted 00:11:21 (8349 turns).

Borgoz the Slicer (Halfling Gladiator)              Turns: 8349, Time: 00:11:22

Health: 0/62       AC: 13    Str: 18    XL:     9   Next: 94%
Magic:  9/9        EV: 17    Int:  6    God:    Ashenzari [......]
Gold:   385        SH:  0    Dex: 16    Spells: 8/8 levels left

rFire    . . .     SeeInvis .   a - +0 rapier
rCold    . . .     Faith    .   (shield restricted)
rNeg     . . .     Spirit   .   m - +0 scale mail
rPois    .         Reflect  .   c - +0 helmet
rElec    .         Harm     .   (no cloak)
rCorr    .         Rampage  .   (no gloves)
Will     .....                  (no boots)
Stlth    ..........             g - amulet of regeneration
HPRegen  0.60/turn              E - +4 ring of protection
MPRegen  0.11/turn              (no ring)

@: no status effects
A: small, mutation resistance 1
a: Renounce Religion, Curse Item


You were on level 7 of the Dungeon.
You worshipped Ashenzari.
Ashenzari was noncommittal.
You visited 1 branch of the dungeon, and saw 7 of its levels.
You also visited: Sewer.

You collected 385 gold pieces.

Inventory:

Hand Weapons
 a - a +0 rapier (weapon)
 b - a +0 long sword
 h - a +0 rapier
Missiles
 d - 3 throwing nets (quivered)
Armour
 c - a +0 helmet (worn)
 m - a +0 scale mail (worn)
Jewellery
 g - an amulet of regeneration (around neck)
 p - an uncursed amulet of reflection
 E - a +4 ring of protection (left hand)
 F - an uncursed amulet of the acrobat
Wands
 v - a wand of enslavement (8)
 y - a wand of flame (15)
 B - a wand of acid (17)
Scrolls
 e - a scroll of magic mapping
 l - 9 scrolls of teleportation
 n - a scroll of amnesia {unknown}
 o - a scroll of enchant armour
 q - 2 scrolls of fog
 r - a scroll of remove curse
 u - a scroll of fear {unknown}
 x - a scroll of blinking
 A - a scroll of immolation {unknown}
Potions
 f - 3 potions of haste
 i - 3 potions of heal wounds
 k - 2 potions of brilliance
 s - 3 potions of magic
 w - 2 potions of invisibility
 z - a potion of cancellation
 C - a potion of might


   Skills:
 + Level 6.1 Fighting
 + Level 8.5 Short Blades
 - Level 2.0 Throwing
 + Level 6.8 Armour
 + Level 7.8 Dodging


You had 8 spell levels left.
You didn't know any spells.
Your spell library was empty.

Dungeon Overview and Level Annotations

Branches:
Dungeon (7/15)              Sewer (visited)
 Temple: D:4-7

Altars:
Ashenzari
Cheibriados
Qazlal
Ru
Trog
Vehumet
Yredelemnul

Shops:
D:5 }   D:6 (


Innate Abilities, Weirdness & Mutations

You are small and have problems with some larger weapons.
You are somewhat resistant to further mutation.


Message History

The steam dragon closely misses you. x2
You hit the steam dragon.
The steam dragon is heavily wounded.
You hit the steam dragon.
The steam dragon is severely wounded.
The steam dragon bites you but does no damage.
The steam dragon completely misses you.
You closely miss the steam dragon.
The steam dragon is severely wounded.
The steam dragon barely misses you. The steam dragon claws you.
You barely miss the steam dragon.
The steam dragon is severely wounded.
The steam dragon bites you!
* * * LOW HITPOINT WARNING * * *
The steam dragon barely misses you.
You closely miss the steam dragon.
The steam dragon is severely wounded.
The steam dragon breathes steam at you. The ball of steam hits you!
You die...

.........# ##...#
........... #...##
............#.###
...##.......#..## .
#...## . #....# .
###.## . ##...## .
#..D@.# .# #..8.≈#
.# #...≈≈#
.#≈§8(.##.....≈≈≈##
.#.§...###≈≈≈≈####
.##...##.#####
.(##.##.....####
...............#
...............#


You could see a steam dragon (catching breath).

Vanquished Creatures
  Prince Ribbit (D:6)
  A steam dragon (D:7)
  Edmund (D:5)
  An orc warrior (D:7)
  A hornet zombie (D:7)
  2 phantoms
  A sky beast (D:6)
  A necrophage (D:6)
  An ogre (D:5)
  A centaur (D:6)
  3 big kobolds
  3 bullfrogs (D:7)
  A scorpion (D:4)
  2 orc priests (D:6)
  A hound (D:6)
  2 jellies (D:6)
  Ijyb (D:5)
  3 iguanas
  7 orc wizards
  3 worker ants
  A hound skeleton (D:5)
  A worker ant zombie (D:5)
  16 adders
  8 gnolls
  A river rat (D:4)
  4 white imps
  An ufetubus (D:6)
  An ooze (Sewer)
  An adder zombie (D:6)
  5 adder skeletons
  5 worms
  2 dart slugs
  6 leopard geckos
  14 orcs
  10 bats
  10 giant cockroaches
  6 goblins
  8 hobgoblins
  4 jackals (D:1)
  15 kobolds
  2 quokkas
  3 ball pythons
  4 frilled lizards
  A giant cockroach zombie (D:6)
  12 rats
178 creatures vanquished.

Vanquished Creatures (others)
  A steam dragon (D:7)
  An orc wizard (D:4)
  An orc (D:3)
3 creatures vanquished.

Grand Total: 181 creatures vanquished

Notes
Turn   | Place    | Note
-------+----------+-------------------------------------------
     0 | D:1      | Borgoz the Halfling Gladiator began the quest for the Orb.
     0 | D:1      | Reached XP level 1. HP: 14/14 MP: 1/1
   151 | D:1      | Reached XP level 2. HP: 19/19 MP: 2/2
   558 | D:1      | Reached skill level 1 in Armour
   666 | D:1      | Reached XP level 3. HP: 24/24 MP: 3/3
   671 | D:1      | Reached skill level 4 in Short Blades
  1213 | D:2      | Reached XP level 4. HP: 28/30 MP: 4/4
  1846 | D:2      | Found a bloodstained altar of Trog.
  2137 | D:2      | Reached XP level 5. HP: 35/35 MP: 5/5
  2915 | D:3      | Reached XP level 6. HP: 26/42 MP: 6/6
  3474 | D:4      | Found a radiant altar of Vehumet.
  3507 | D:4      | Reached skill level 5 in Short Blades
  3615 | D:4      | Found a glowing drain.
  3632 | Sewer    | Entered a sewer
  4012 | Sewer    | Reached skill level 5 in Dodging
  4012 | Sewer    | Reached XP level 7. HP: 25/46 MP: 7/7
  5412 | D:4      | Reached skill level 6 in Short Blades
  5494 | D:5      | Entered Level 5 of the Dungeon
  5559 | D:5      | Found a sacrificial altar of Ru.
  5578 | D:5      | Reached XP level 8. HP: 21/54 MP: 8/8
  5838 | D:5      | Noticed Edmund
  5906 | D:5      | Killed Edmund
  6094 | D:5      | Found Uphisuved's Gadget Boutique.
  6117 | D:5      | Noticed Ijyb
  6136 | D:5      | Killed Ijyb
  6407 | D:6      | Found Koami's Weapon Emporium.
  6468 | D:6      | Reached skill level 5 in Armour
  6536 | D:6      | Reached skill level 7 in Short Blades
  6614 | D:6      | Reached skill level 5 in Fighting
  6614 | D:6      | Reached XP level 9. HP: 48/61 MP: 9/9
  6810 | D:6      | Noticed Prince Ribbit
  6847 | D:6      | Killed Prince Ribbit
  7345 | D:6      | Found a broken altar of Ashenzari.
  7370 | D:6      | Found a basalt altar of Yredelemnul.
  7375 | D:6      | Found a stormy altar of Qazlal.
  7378 | D:6      | Found a snail-covered altar of Cheibriados.
  7402 | D:6      | Became a worshipper of Ashenzari the Shackled
  7592 | D:7      | Reached skill level 8 in Short Blades
  8349 | D:7      | Killed from afar by a steam dragon

Illustrated notes

Levels and vault maps discovered:
D:1:      roderic_chinese_lattice_arrival, layout_basic
D:2:      layout_loops_ring, lightli_temple_of_fire
D:3:      layout_basic, lemuel_another_geyser
D:4:      layout_basic, fiery_altar_vehumet, portal_sewer_entry_b,
          minmay_misc_feat_hallway, minmay_box_of_dots
D:5:      layout_gridville, serial_shops, nicolae_shop_trees,
          lemuel_altar_in_water, uniq_edmund, uniq_ijyb
D:6:      minmay_skewed_foursquare, layout_basic,
          minmay_overflow_temple_star_quad, serial_shops, nicolae_shop_stone,
          ashenzari_altar_1, uniq_prince_ribbit1
D:7:      cheibrodos_steamvent, layout_rooms, temple_fountains

Skill      XL: |  1  2  3  4  5  6  7  8  9 |
---------------+----------------------------+-----
Fighting       | 2 3 4 5 6 |  6.1
Armour         | 1 2 3 4 5 6 |  6.8
Short Blades   | 4 5 6 7 8 |  8.5
Dodging        | 4 5 6 7 |  7.8
Throwing       | |  2.0

Action                   |  1- 3 |  4- 6 |  7- 9 || total
-------------------------+-------+-------+-------++-------
Melee: Rapier            |   109 |   301 |   631 ||  1041
Throw: Throwing net      |       |       |     1 ||     1
  Use: Scroll            |       |     3 |     9 ||    12
       Potion            |       |       |    15 ||    15
Armor: Leather armour    |    35 |     8 |       ||    43
       Scale mail        |       |    75 |   146 ||   221
       Skin              |       |       |    17 ||    17
Dodge: Dodged            |    91 |   208 |   465 ||   764
Block: Other             |       |       |    21 ||    21
       Reflection        |       |       |     1 ||     1

Table legend: (Time is in decaauts)
 A = Elapsed time spent in this place.
 B = Non-inter-level travel time spent in this place.
 C = Inter-level travel time spent in this place.
 D = Time resting spent in this place.
 E = Time spent auto-exploring this place.
 F = Levels seen in this place.
 G = Mean time per level.
                   A        B        C        D        E       F      G
               +--------+--------+--------+--------+--------+-----+--------+
         Total |   8327 |   8150 |    177 |   1588 |   4731 |   8 | 1040.9 |
       Dungeon |   7573 |   7396 |    177 |   1520 |   4293 |   7 | 1081.9 |
         Sewer |    754 |    754 |      0 |     68 |    438 |   1 |  754.0 |
               +--------+--------+--------+--------+--------+-----+--------+

Top non-repeatable levels by time:
     D:6: 1446 daAuts
     D:4: 1431 daAuts
     D:1: 1163 daAuts
     D:2: 1126 daAuts
     D:3: 1075 daAuts
     D:5: 891 daAuts
   Sewer: 754 daAuts
     D:7: 437 daAuts
